Map: 오토메이턴 - 래더

Players

Dear - Winner!

  • Race: Protoss Protoss
  • Spawn Location: 9:00

llllllllllll (Trap)

  • Race: Protoss Protoss
  • League: Master
  • Spawn Location: 3:00

Event: IEM Season 13 - Katowice Server Qualifiers Asia 2

VOD

Have the link to the VOD?

Description

Time

  • Played on: Jan. 22, 2019, 4:17 a.m.
  • Length: 9:29

All games in this series

Show
View Real Time Build Order
Export as new Build Order

Dear Protoss - Winner!

Build Orders: Phoenix Opening, Zealot Archon 

Get SALT Encoding   

  12  0:00  Probe  
  13  0:12  Probe  
  14  0:18  Pylon  
  14  0:24  Probe  
  15  0:32  Probe  
  15  0:38  Gateway  
  15  0:40  Probe  
  16  0:48  Assimilator  
  17  0:51  Probe  
  17  0:55  Assimilator  
  18  1:00  Probe  
  19  1:08  Gateway, Probe  
  19  1:17  Probe  
  20  1:25  Cybernetics Core  
  21  1:29  Probe  
  22  1:35  Pylon  
  22  1:41  Probe  
  23  1:53  Probe  
  24  2:02  Adept x2  
  24  2:03  Warp Gate  
  28  2:12  Pylon  
  28  2:19  Stargate  
  28  2:34  Probe  
  29  2:53  Sentry  
  29  2:54  Nexus  
  29  2:55  Probe  
  29  2:57  Phoenix  
  32  3:08  Probe  
  35  3:15  Pylon  
  35  3:20  Phoenix  
  37  3:28  Probe  
  38  3:40  Probe, Phoenix  
  41  3:52  Probe  
  42  3:57  Phoenix  
  42  4:06  Probe x2  
  46  4:18  Probe x2  
  46  4:20  Phoenix  
  50  4:24  Shield Battery  
  50  4:30  Probe  
  50  4:31  Probe  
  52  4:37  Robotics Facility  
  52  4:40  Probe  
  52  4:41  Assimilator x2  
  52  4:43  Probe  
  54  4:48  Probe  
  54  4:49  Forge  
  54  4:51  Sentry  
  57  4:55  Probe  
  57  4:57  Probe  
  58  5:00  Pylon  
  59  5:07  Probe  
  59  5:09  Probe  
  59  5:17  Protoss Ground Weapons Level 1  
  59  5:19  Probe  
  60  5:21  Observer, Probe  
  62  5:30  Stalker x2  
  62  5:31  Immortal  
  62  5:36  Shield Battery  
  62  5:42  Pylon  
  66  5:46  Gateway  
  66  5:47  Twilight Council  
  66  5:54  Zealot x2  
  70  6:05  Immortal  
  70  6:08  Gateway  
  70  6:09  Gateway  
  74  6:17  Charge, Gateway  
  74  6:32  Templar Archives  
  74  6:34  Gateway x2  
  74  6:41  Pylon  
  74  6:43  Pylon  
  74  6:44  Warp Prism  
  76  6:54  Observer  
  76  6:57  Protoss Ground Weapons Level 2  
  76  7:13  High Templar x4  
  76  7:14  Zealot x2  
  88  7:18  Archon  
  88  7:20  Nexus  
  88  7:23  Pylon x2  
  88  7:32  Pylon  
  88  7:40  Zealot x3  
  89  7:46  Archon  
  89  7:50  Zealot  
  89  7:51  Zealot x3  
  97  7:52  Zealot  
  99  8:06  High Templar x2  
  99  8:07  Zealot  
  99  8:08  Pylon  
  99  8:10  Archon  
  105  8:13  Zealot x3  
  105  8:19  Zealot  
  113  8:20  Zealot  
  113  8:37  High Templar  
  113  8:38  High Templar, Zealot x3  
  121  8:42  Archon  
  119  8:54  High Templar x2  
  119  8:55  Zealot  
  125  9:00  Archon, Zealot x3  
  131  9:06  Pylon  
  117  9:24  Zealot x3  
  117  9:25  Zealot x3  
  117  9:26  Zealot x2  
Show
View Real Time Build Order
Export as new Build Order

llllllllllll Protoss 

Build Orders: Oracle Opening, Zealot Archon 

Get SALT Encoding   

  12  0:00  Probe  
  13  0:13  Probe  
  14  0:18  Pylon  
  14  0:24  Probe  
  15  0:32  Probe  
  15  0:38  Gateway  
  15  0:40  Probe  
  17  0:50  Probe  
  17  0:54  Assimilator  
  17  0:56  Assimilator  
  18  0:58  Probe  
  19  1:07  Probe  
  20  1:12  Gateway  
  20  1:17  Probe  
  20  1:24  Cybernetics Core  
  21  1:29  Probe  
  22  1:35  Pylon  
  22  1:41  Probe  
  23  1:54  Probe  
  24  2:01  Stalker  
  24  2:02  Sentry  
  24  2:05  Warp Gate  
  28  2:12  Pylon  
  28  2:33  Stargate  
  28  2:41  Stalker  
  30  2:51  Stalker  
  31  2:57  Shield Battery  
  31  3:01  Shield Battery  
  31  3:05  Shield Battery  
  31  3:12  Nexus  
  31  3:16  Oracle  
  34  3:27  Probe  
  35  3:39  Probe  
  35  3:40  Pylon  
  36  3:41  Shield Battery  
  36  3:51  Probe  
  39  4:03  Probe  
  40  4:14  Probe  
  39  4:20  Probe  
  39  4:22  Probe  
  43  4:24  Forge  
  43  4:28  Probe  
  43  4:30  Probe  
  43  4:31  Stalker x2  
  45  4:33  Twilight Council  
  45  4:36  Probe  
  44  4:42  Probe  
  44  4:44  Probe  
  47  4:53  Stalker  
  47  4:54  Probe x2, Stalker  
  53  5:03  Protoss Ground Weapons Level 1  
  53  5:05  Probe, Blink  
  54  5:09  Probe  
  54  5:13  Probe  
  48  5:21  Probe x2  
  48  5:26  Adept x2  
  53  5:32  Probe  
  53  5:33  Probe  
  54  5:39  Assimilator  
  54  5:40  Assimilator  
  54  5:44  Probe  
  54  5:45  Probe  
  54  5:47  Stalker  
  58  5:52  Stalker  
  60  5:58  Pylon  
  60  6:00  Probe  
  60  6:01  Probe  
  61  6:08  Pylon  
  61  6:11  Probe  
  61  6:16  Probe  
  63  6:19  Probe  
  64  6:26  Pylon  
  64  6:28  Probe  
  64  6:29  Templar Archives  
  64  6:31  Probe  
  66  6:38  Protoss Ground Weapons Level 2  
  66  6:40  Probe  
  66  6:43  Probe  
  66  6:46  Gateway x2  
  68  6:52  Probe  
  69  7:06  Charge  
  69  7:11  High Templar x2  
  73  7:17  Pylon  
  73  7:19  Gateway  
  73  7:20  Gateway  
  73  7:28  Nexus  
  73  7:35  Archon  
  70  7:37  Probe  
  70  7:38  Probe  
  70  7:49  Robotics Facility  
  70  7:51  High Templar x2  
  74  7:52  Sentry, Zealot  
  78  7:59  Pylon  
  78  8:00  Archon  
  78  8:01  Pylon  
  74  8:11  Gateway  
  74  8:13  Gateway  
  74  8:15  High Templar, Zealot x2  
  74  8:19  High Templar  
  82  8:27  Archon, Zealot x2  
  84  8:32  Pylon  
  84  8:33  Pylon  
  86  8:40  Warp Prism  
  81  8:49  High Templar x2, Zealot x3  
  81  8:55  Archon  
  92  8:56  Zealot  
  92  9:10  Zealot x4  
  92  9:16  High Templar x2  
  104  9:22  Archon  

Tags
 
Add a new tag
Caveats
  • Supply blocks, unpowered buildings, or Contaminate may cause inaccurate times.
  • Supply counts are checked every 10 seconds.